 Dungeon Crawl Stone Soup version 0.17.0-7-gfadd4cc (webtiles) character file.

683 TruthSerum the Skirmisher (level 7, -1/67 HPs)
             Began as a Minotaur Fighter on Nov 8, 2015.
             Slain by Ace's ghost (15 damage)
             ... on level 5 of the Dungeon.
             The game lasted 00:16:24 (3627 turns).

TruthSerum the Skirmisher (Minotaur Fighter)        Turns: 3627, Time: 00:16:25

Health: -1/67      AC: 13    Str: 20    XL:     7   Next: 35%
Magic:  6/6        EV:  5    Int:  5    God:
Gold:   165        SH:  9    Dex: 12    Spells: 0 memorised, 6 levels left

rFire  + . .     SeeInvis .     B - +3 mace (crush)
rCold  . . .     Clarity  .     D - +1 chain mail
rNeg   . . .     SustAt   +     c - +0 shield
rPois  .         Gourm    .     (helmet restricted)
rElec  +         Spirit   .     r - +0 cloak
rCorr  .         Warding  .     n - +0 pair of gloves
rMut   .         Stasis   .     h - +0 pair of boots
MR     .....                    (no amulet)
Stlth  ..........               w - ring "Satutoby" {rElec rF+ Stlth-}
                                y - ring of sustain attributes

@: not resistant to hostile enchantments, extremely unstealthy
A: retaliatory headbutt, horns 2
a: no special abilities


You were on level 5 of the Dungeon.
You were not hungry.

You visited 1 branch of the dungeon, and saw 5 of its levels.

You collected 165 gold pieces.

Inventory:

Hand Weapons
 B - a +3 mace of crushing (weapon)
Armour
 b - a +0 scale mail
 c - a +0 shield (worn)
 h - a +0 pair of boots (worn)
 n - a +0 pair of gloves (worn)
 r - a +0 cloak (worn)
 D - a +1 chain mail (worn)
Jewellery
 f - an uncursed ring of protection from fire
 v - an uncursed ring of fire
 w - the ring "Satutoby" (right hand) {rElec rF+ Stlth-}
   (You found it on level 4 of the Dungeon)

   [ring of loudness]

   It protects you from fire.
   It insulates you from electricity.
   It makes you less stealthy.
 y - a ring of sustain attributes (left hand)
Wands
 A - a wand of lightning (8)
Scrolls
 a - a scroll of noise
 m - 3 scrolls of immolation
 p - a scroll of amnesia
Potions
 d - a potion of might
 j - a potion of resistance
 k - 2 potions of heal wounds
 l - a potion of flight
 o - a potion of curing
 q - a potion of cancellation
 t - a potion of lignification
 u - a potion of poison {unknown}
 x - a potion of agility
Comestibles
 e - 4 bread rations
 g - 2 beef jerkies
 i - a slice of pizza
 s - 6 fruits
 z - a meat ration
 C - 4 chunks of flesh


   Skills:
 + Level 7.7 Fighting
 + Level 7.3 Maces & Flails
 - Level 3.6 Armour
 - Level 3.6 Shields


You had 6 spell levels left.
You didn't know any spells.

Dungeon Overview and Level Annotations

Branches:
Dungeon (5/15)
 Temple: D:4-7

Altars:
Ashenzari
Cheibriados
Elyvilon
Fedhas
Nemelex Xobeh
Sif Muna
Trog
Yredelemnul

Annotations:
D:5 Ace's ghost, novice DsGl


Innate Abilities, Weirdness & Mutations

You reflexively headbutt those who attack you in melee.
You have a pair of horns on your head.


Message History

You block Ace's ghost's attack.
You hit Ace's ghost. You headbutt Ace's ghost.
Ace's ghost is heavily damaged.
Ace's ghost barely misses you. You block Ace's ghost's attack.
You closely miss Ace's ghost.
Ace's ghost is heavily damaged.
Ace's ghost hits you!
You closely miss Ace's ghost.
You headbutt Ace's ghost, but do no damage.
Ace's ghost is heavily damaged.
Ace's ghost hits you!
You hit Ace's ghost but do no damage. Your headbutt misses Ace's ghost.
Ace's ghost is heavily damaged.
Ace's ghost hits you!
* * * LOW HITPOINT WARNING * * *
You hit Ace's ghost but do no damage.
Ace's ghost is heavily damaged.
Ace's ghost screams, "I'll kill anyone who wants the ORB!"
Ace's ghost hits you!
You die...

#.#### ##.....## ## #..
##...### # ... ##....# #
... #..#.# # #....
#..#.# # <..
##[.#.####### #
##............
#.###.#####......#######
#<....W@.........#
......######..[..# #####
#.#...# #....## ######


You could see Ace's ghost.

Vanquished Creatures
  2 ogres
  An ice beast (D:5)
  A scorpion (D:4)
  A giant frog zombie (D:5)
  A jelly (D:5)
  Jessica (D:4)
  4 orc wizards
  2 worker ants (D:4)
  3 adders
  A shadow imp (D:5)
  An adder skeleton (D:5)
  2 worms
  3 giant geckos
  9 orcs
  3 ball pythons
  A giant cockroach (D:1)
  5 goblins
  7 hobgoblins
  11 jackals
  5 kobolds
  A quokka (D:2)
  6 bats
  A giant cockroach zombie (D:5)
  3 giant gecko skeletons (D:5)
  4 giant newts
  5 rats
  A spectral orc (D:3)
85 creatures vanquished.

Notes
Turn   | Place    | Note
--------------------------------------------------------------
     0 | D:1      | TruthSerum the Minotaur Fighter began the quest for the Orb.
     0 | D:1      | Reached XP level 1. HP: 19/19 MP: 0/0
   544 | D:1      | Reached skill level 4 in Fighting
   547 | D:1      | Reached XP level 2. HP: 27/27 MP: 1/1
   959 | D:2      | Found a shattered altar of Ashenzari.
  1051 | D:2      | Found a blossoming altar of Fedhas.
  1089 | D:2      | Reached XP level 3. HP: 29/34 MP: 2/2
  1153 | D:2      | Found a snail-covered altar of Cheibriados.
  1541 | D:2      | Found a white marble altar of Elyvilon.
  1716 | D:3      | Reached skill level 5 in Fighting
  1716 | D:3      | Reached XP level 4. HP: 37/42 MP: 3/3
  1891 | D:3      | Found a sparkling altar of Nemelex Xobeh.
  1995 | D:3      | Found a basalt altar of Yredelemnul.
  2015 | D:3      | Found a faded altar to an unknown god.
  2225 | D:3      | Reached XP level 5. HP: 45/48 MP: 4/4
  2263 | D:3      | Found a bloodstained altar of Trog.
  2409 | D:4      | Reached skill level 5 in Maces & Flails
  2583 | D:4      | Got a slimy jade ring
  2584 | D:4      | Identified the ring "Satutoby" {rElec rF+ Stlth-} (You found it on level 4 of the Dungeon)
  2650 | D:4      | Noticed Jessica
  2662 | D:4      | Killed Jessica
  2662 | D:4      | Reached skill level 6 in Fighting
  2672 | D:4      | Found a deep blue altar of Sif Muna.
  2748 | D:4      | Noticed an ogre
  2754 | D:4      | Killed an ogre
  2754 | D:4      | Reached XP level 6. HP: 27/58 MP: 5/5
  3148 | D:5      | Entered Level 5 of the Dungeon
  3440 | D:5      | Reached skill level 7 in Fighting
  3534 | D:5      | Reached XP level 7. HP: 66/66 MP: 6/6
  3610 | D:5      | Noticed Ace's ghost (novice DsGl)
  3627 | D:5      | Slain by Ace's ghost

Action                   |  1- 3 |  4- 6 |  7- 9 || total
-------------------------+-------+-------+-------++-------
Melee: Flail             |   103 |    44 |       ||   147
       Mace              |       |   100 |    25 ||   125
  Use: Scroll            |       |    15 |     1 ||    16
  Eat: Chunk             |     3 |     4 |     2 ||     9
